Map: Ephemeron LE

Players

MarineLorD

  • Race: Terran Terran
  • League: Master
  • Spawn Location: 11:00

GOReynor (Reynor) - Winner!

  • Race: Zerg Zerg
  • League: Master
  • Spawn Location: 5:00

Event: NationWars 2019

VOD

Have the link to the VOD?

Description

Time

  • Played on: Oct. 10, 2019, 3:28 p.m.
  • Length: 19:56
Show
View Real Time Build Order
Export as new Build Order

MarineLorD Terran 

Build Orders: Hellion Opening, Reaper Expand 

Get SALT Encoding   

  12  0:00  SCV  
  13  0:12  SCV  
  14  0:17  Supply Depot  
  14  0:24  SCV  
  15  0:39  SCV  
  15  0:40  Barracks  
  16  0:43  Refinery  
  16  0:51  SCV  
  17  1:03  SCV  
  18  1:15  SCV  
  19  1:28  Orbital Command, Reaper  
  20  1:40  Command Center  
  20  1:49  Supply Depot  
  20  1:54  SCV  
  21  2:00  Marine  
  22  2:06  SCV  
  23  2:12  Factory  
  23  2:13  Refinery  
  23  2:18  SCV  
  23  2:20  Barracks Reactor  
  24  2:30  SCV  
  25  2:42  SCV  
  26  2:53  Orbital Command  
  26  2:54  SCV  
  27  3:00  Starport  
  27  3:05  Marine, Hellion x2  
  31  3:06  SCV  
  33  3:18  SCV  
  34  3:20  SCV  
  34  3:26  Hellion x2  
  39  3:30  SCV  
  39  3:32  SCV, Supply Depot  
  39  3:33  Marine  
  42  3:41  Fusion Core  
  42  3:42  SCV  
  42  3:45  SCV  
  44  3:50  Hellion  
  44  3:54  Starport Tech Lab, Hellion  
  44  3:55  SCV  
  49  3:56  Supply Depot  
  49  3:58  SCV  
  50  4:07  SCV  
  51  4:10  SCV  
  52  4:19  SCV  
  52  4:22  SCV  
  54  4:25  Command Center  
  54  4:30  Supply Depot  
  54  4:31  SCV  
  55  4:34  SCV  
  55  4:38  Supply Depot  
  54  4:43  SCV  
  53  4:46  SCV  
  49  4:53  Refinery  
  49  4:54  Battlecruiser, Refinery  
  49  4:55  SCV  
  49  4:58  SCV  
  61  5:00  Hellion x2  
  61  5:07  SCV  
  61  5:10  SCV  
  61  5:14  Factory  
  63  5:15  Factory  
  63  5:19  SCV  
  68  5:21  Hellion x2  
  68  5:22  SCV  
  69  5:31  SCV  
  69  5:34  Supply Depot  
  69  5:35  SCV  
  71  5:37  Supply Depot  
  71  5:38  Orbital Command  
  71  5:43  SCV  
  71  5:44  Hellion x2  
  71  5:47  SCV  
  77  5:56  SCV  
  78  5:58  Factory Tech Lab x2  
  78  5:59  Armory, SCV  
  78  6:00  Armory  
  80  6:04  SCV  
  80  6:05  Hellion x2  
  80  6:08  SCV  
  80  6:11  SCV  
  82  6:16  SCV  
  83  6:20  SCV  
  83  6:23  SCV  
  81  6:26  Hellion x2  
  81  6:32  SCV, Hellion x2  
  87  6:35  SCV  
  87  6:40  Infernal Pre-Igniter, Mag-Field Accelerator  
  87  6:42  Orbital Command  
  87  6:43  Battlecruiser  
  87  6:44  SCV  
  94  6:47  Terran Vehicle And Ship Armor Level 1, Terran Vehicle Weapons Level 1  
  94  6:53  Supply Depot  
  94  6:56  Supply Depot, Refinery  
  94  6:57  SCV x2  
  94  6:58  Refinery  
  96  7:03  Hellion x2  
  96  7:04  Cyclone  
  103  7:09  Weapon Refit  
  103  7:10  SCV  
  103  7:11  SCV  
  103  7:12  SCV  
  106  7:22  SCV, Supply Depot  
  107  7:23  SCV, Supply Depot, Cyclone  
  107  7:24  SCV  
  112  7:33  Hellion x2  
  112  7:34  SCV  
  112  7:36  Cyclone  
  120  7:47  Battlecruiser  
  126  8:00  Supply Depot, Factory x2, Command Center  
  126  8:05  SCV  
  124  8:12  Siege Tank x2  
  127  8:14  Hellion x2  
  127  8:16  SCV x2  
  133  8:22  Supply Depot x2  
  133  8:23  Supply Depot  
  133  8:24  SCV  
  133  8:26  Supply Depot  
  134  8:40  Supply Depot x2  
  134  8:42  Supply Depot  
  134  8:43  Terran Vehicle Weapons Level 2  
  134  8:44  Factory Tech Lab, Factory Reactor  
  134  8:51  Battlecruiser  
  140  8:56  Engineering Bay  
  140  8:58  Cyclone x2, Hellion x2  
  150  9:09  Command Center  
  150  9:15  Terran Vehicle And Ship Armor Level 2  
  150  9:28  Missile Turret x2  
  150  9:29  Cyclone  
  150  9:30  Missile Turret  
  153  9:42  Liberator  
  153  9:45  Starport  
  153  9:46  Starport  
  153  9:55  Supply Depot, Command Center, Cyclone x2  
  153  9:59  Refinery  
  162  10:02  Refinery  
  160  10:14  Cyclone, Hellion x2  
  144  10:23  SCV x3  
  144  10:27  Cyclone x2  
  144  10:35  SCV x3, Starport Reactor x2  
  147  10:46  Cyclone, Planetary Fortress  
  147  10:47  Missile Turret  
  147  10:49  SCV x2  
  152  10:55  SCV  
  153  10:59  Cyclone x2  
  153  11:01  SCV  
  153  11:02  Terran Vehicle Weapons Level 3  
  160  11:18  Cyclone  
  163  11:24  Liberator x2  
  156  11:25  SCV  
  156  11:26  SCV x2  
  151  11:37  SCV  
  151  11:38  SCV x2  
  154  11:41  Command Center  
  160  11:49  Terran Ship Weapons Level 1  
  160  11:52  Liberator x2  
  160  11:53  Sensor Tower  
  160  12:00  SCV x3  
  160  12:01  Planetary Fortress  
  163  12:07  Liberator x3  
  163  12:12  SCV  
  170  12:19  Missile Turret  
  176  12:35  Liberator  
  176  12:36  Refinery  
  176  12:48  Liberator  
  176  12:53  Missile Turret, Refinery  
  176  12:55  Planetary Fortress  
  174  13:17  SCV x2  
  174  13:18  SCV  
  174  13:19  Cyclone, Hellion x4  
  179  13:29  SCV  
  179  13:30  SCV x2  
  182  13:36  Planetary Fortress  
  182  13:42  SCV x3  
  182  13:44  Command Center  
  185  13:50  Advanced Ballistics  
  185  13:54  SCV x3  
  188  14:06  SCV x2  
  187  14:11  SCV  
  170  14:18  SCV x2  
  170  14:19  Liberator x2  
  170  14:24  SCV  
  162  14:30  SCV x2  
  163  14:36  SCV, Command Center  
  170  14:42  SCV x2  
  170  14:45  Hellion x3  
  174  14:52  SCV  
  174  14:53  SCV  
  174  14:54  SCV x2  
  177  15:01  Orbital Command  
  177  15:13  SCV x3  
  177  15:14  SCV  
  181  15:22  Missile Turret  
  181  15:23  Sensor Tower  
  181  15:25  SCV  
  182  15:32  SCV x2  
  182  15:33  Hellion x2  
  177  15:55  Cyclone x3  
  177  15:56  Hellion x3  
  148  16:21  SCV x3  
  139  16:27  Cyclone x3  
  148  16:33  SCV  
  149  16:46  Liberator x3, Battlecruiser  
  149  16:52  SCV  
  149  16:53  SCV x3  
  153  16:58  Refinery  
  153  16:59  Cyclone  
  165  17:14  Terran Ship Weapons Level 2  
  165  17:16  Terran Vehicle And Ship Armor Level 3  
  162  17:30  Orbital Command  
  162  17:36  Barracks, SCV x4  
  166  17:37  Barracks  
  166  17:38  Barracks  
  166  17:45  Liberator  
  166  17:46  Ghost Academy  
  166  17:47  Liberator x2  
  166  17:48  SCV  
  166  17:50  Engineering Bay  
  166  17:51  Refinery  
  167  17:55  SCV x2  
  167  17:56  SCV x2  
  171  17:59  Refinery  
  171  18:00  SCV  
  178  18:11  Barracks Tech Lab  
  178  18:24  SCV  
  178  18:25  SCV  
  180  18:28  SCV  
  180  18:29  SCV  
  180  18:30  Engineering Bay  
  180  18:32  SCV  
  183  18:34  Command Center  
  183  18:37  SCV  
  184  18:47  SCV x2  
  186  18:49  Liberator x3  
  186  18:50  Liberator x2  
Show
View Real Time Build Order
Export as new Build Order

GOReynor Zerg - Winner!

Build Orders: Hatch First 

Get SALT Encoding   

  12  0:00  Drone  
  13  0:12  Overlord  
  13  0:17  Drone  
  14  0:30  Drone x2  
  16  0:47  Hatchery  
  15  0:51  Drone  
  15  0:54  Drone  
  17  0:57  Drone  
  18  1:07  Extractor  
  17  1:14  Spawning Pool  
  17  1:17  Drone  
  17  1:20  Drone  
  18  1:28  Drone  
  19  1:39  Drone  
  20  1:48  Overlord  
  20  2:00  Zergling x4  
  20  2:01  Queen  
  24  2:02  Queen  
  26  2:10  Drone x2  
  28  2:20  Drone  
  28  2:21  Drone  
  30  2:33  Drone x2  
  30  2:36  Pneumatized Carapace  
  32  2:39  Queen  
  32  2:42  Overlord  
  33  2:44  Drone  
  34  2:53  Drone  
  34  2:54  Drone  
  36  2:59  Metabolic Boost  
  36  3:03  Drone  
  36  3:05  Drone  
  38  3:12  Drone, Hatchery  
  38  3:14  Drone  
  38  3:16  Drone  
  40  3:21  Overlord  
  40  3:23  Drone  
  40  3:25  Drone  
  42  3:29  Drone  
  43  3:36  Drone  
  43  3:39  Queen  
  46  3:43  Drone, Overlord  
  46  3:45  Drone x2  
  49  3:49  Overlord  
  49  3:51  Drone x2  
  49  3:55  Overlord  
  51  4:02  Drone  
  52  4:04  Overlord  
  52  4:12  Zergling x2  
  52  4:15  Zergling x2  
  54  4:19  Zergling x6  
  54  4:22  Overlord  
  57  4:25  Drone  
  57  4:26  Queen  
  57  4:28  Queen  
  57  4:29  Queen  
  57  4:31  Drone  
  65  4:33  Overlord  
  65  4:37  Drone  
  66  4:43  Drone x2  
  64  4:46  Drone  
  64  4:50  Drone  
  62  4:53  Spore Crawler  
  62  4:54  Drone  
  62  4:56  Drone x2  
  62  4:57  Drone x2  
  67  5:00  Drone  
  67  5:01  Spore Crawler, Drone x3  
  67  5:02  Queen  
  67  5:04  Spore Crawler  
  67  5:06  Lair, Queen  
  72  5:08  Zergling x2  
  72  5:09  Zergling x2  
  75  5:14  Zergling x2  
  75  5:17  Roach Warren, Zergling x4  
  76  5:24  Overlord  
  76  5:26  Drone  
  76  5:27  Zergling x4  
  79  5:29  Drone  
  79  5:30  Drone x4  
  79  5:34  Evolution Chamber x2  
  82  5:35  Zergling x2  
  82  5:36  Zergling x2  
  82  5:37  Drone x2  
  82  5:41  Overlord  
  87  5:42  Drone  
  87  5:47  Zergling x2  
  88  5:53  Drone x2  
  88  5:54  Queen  
  88  5:56  Overlord  
  92  6:03  Zergling x4  
  92  6:04  Zergling x10  
  94  6:05  Hatchery  
  90  6:12  Zerg Melee Weapons Level 1, Zerg Missile Weapons Level 1  
  90  6:13  Drone x4  
  90  6:14  Extractor  
  90  6:16  Extractor  
  90  6:17  Drone  
  91  6:18  Overlord  
  91  6:24  Drone x2  
  91  6:25  Drone x3  
  90  6:28  Drone x2  
  90  6:31  Extractor  
  87  6:34  Overlord  
  87  6:35  Drone  
  87  6:38  Drone  
  87  6:39  Drone x2  
  88  6:41  Drone x2  
  88  6:42  Drone, Extractor x2  
  88  6:45  Queen  
  88  6:46  Baneling Nest  
  90  6:48  Drone x2  
  90  6:50  Spire  
  90  6:51  Drone x2  
  90  6:52  Overlord  
  90  6:53  Drone x2  
  95  7:00  Spore Crawler  
  94  7:01  Overlord  
  94  7:04  Roach x4  
  102  7:10  Roach x3  
  102  7:15  Drone x2  
  110  7:16  Spore Crawler, Queen  
  110  7:19  Drone x2  
  110  7:22  Overlord  
  113  7:24  Drone x3  
  113  7:25  Drone  
  113  7:28  Spore Crawler, Roach  
  118  7:30  Overlord  
  118  7:33  Overseer  
  118  7:34  Centrifical Hooks  
  118  7:42  Spore Crawler, Zergling x12  
  118  7:43  Zergling x2  
  124  7:44  Zergling x2  
  124  7:49  Roach x3  
  131  8:05  Corruptor x5  
  127  8:10  Extractor  
  127  8:11  Drone  
  127  8:12  Drone x3  
  137  8:13  Corruptor x2  
  137  8:17  Drone x3  
  144  8:22  Glial Reconstitution  
  144  8:29  Roach x2  
  145  8:37  Corruptor  
  145  8:40  Drone  
  145  8:41  Drone x4  
  152  8:44  Extractor, Overlord  
  152  8:45  Overlord  
  152  8:48  Zerg Melee Weapons Level 2, Zerg Missile Weapons Level 2  
  147  8:59  Zergling x12  
  153  9:03  Drone x2, Infestation Pit  
  153  9:06  Hatchery  
  153  9:16  Ravager x3  
  156  9:19  Baneling x13  
  156  9:20  Zergling x18  
  165  9:25  Ravager  
  165  9:28  Zergling x14  
  165  9:29  Baneling x5  
  165  9:30  Baneling  
  173  9:39  Overlord x3  
  173  9:41  Baneling  
  173  9:42  Baneling x4  
  173  9:44  Hive  
  173  9:48  Overlord  
  172  10:00  Zergling x18  
  181  10:09  Zergling x6, Roach  
  181  10:10  Zergling x12  
  181  10:14  Corruptor x5  
  166  10:28  Corruptor x2  
  166  10:31  Drone x9  
  166  10:34  Baneling x6  
  178  10:35  Zergling x8  
  181  10:43  Infestor x2  
  181  10:45  Ravager x2  
  181  10:49  Spore Crawler x2  
  185  10:54  Corruptor x2  
  189  10:58  Zergling x18  
  189  10:59  Spore Crawler  
  189  11:00  Baneling x6  
  197  11:05  Corruptor  
  197  11:06  Spine Crawler  
  197  11:08  Baneling x3  
  197  11:11  Extractor  
  197  11:13  Corruptor  
  197  11:16  Extractor  
  190  11:22  Corruptor x2  
  183  11:28  Zergling x26  
  171  11:35  Roach x3  
  169  11:43  Drone x3  
  169  11:47  Ravager x2  
  174  11:48  Roach x3  
  174  11:51  Queen  
  182  11:55  Baneling x11  
  182  11:59  Zergling x18  
  191  12:02  Overseer  
  191  12:04  Greater Spire  
  191  12:05  Baneling x8  
  191  12:08  Ravager x2  
  193  12:09  Zergling x10  
  198  12:21  Zergling x2  
  199  12:28  Zerg Melee Weapons Level 3, Zerg Missile Weapons Level 3  
  199  12:39  Burrow  
  199  12:42  Spore Crawler x2, Overlord  
  197  12:44  Adrenal Glands  
  197  12:49  Hatchery  
  196  12:54  Overlord  
  194  13:03  Zergling x22  
  196  13:08  Overlord  
  185  13:32  Roach x7  
  198  13:40  Ravager x3  
  200  13:42  Baneling x8  
  199  13:56  Baneling x4  
  199  13:58  Zergling x6  
  197  14:08  Ravager x3  
  190  14:10  Zergling x22  
  183  14:21  Zergling x40  
  197  14:33  Zergling x2  
  197  14:34  Zergling x6  
  197  14:36  Baneling x12  
  182  14:54  Drone x3  
  182  14:57  Zergling x24  
  182  14:58  Zergling x2  
  195  15:09  Brood Lord  
  195  15:11  Extractor  
  195  15:12  Spore Crawler  
  195  15:15  Zerg Ground Armor Level 1  
  195  15:23  Brood Lord  
  195  15:25  Spore Crawler, Baneling x8  
  195  15:27  Spore Crawler  
  195  15:34  Brood Lord x2  
  195  15:35  Brood Lord x2  
  193  15:43  Zergling x10  
  193  15:46  Zergling x6  
  194  15:55  Corruptor x7  
  198  15:57  Baneling  
  198  15:58  Baneling x2  
  189  16:10  Corruptor  
  189  16:11  Corruptor x3  
  172  16:12  Zergling x26  
  172  16:14  Zergling x2, Roach  
  172  16:15  Roach  
  177  16:23  Corruptor  
  169  16:27  Corruptor x2  
  169  16:28  Zergling x4  
  169  16:36  Corruptor x3  
  169  16:39  Zergling x2  
  174  16:48  Hatchery  
  174  16:49  Infestor x4  
  174  16:52  Brood Lord x2  
  185  16:58  Hatchery  
  185  17:00  Ravager x2  
  186  17:03  Infestor x2  
  190  17:18  Zerg Flyer Weapons Level 1  
  185  17:28  Corruptor x3, Brood Lord x2  
  192  17:51  Drone x3  
  191  18:17  Overlord  
  191  18:23  Overlord  
  191  18:24  Spire  
  186  18:39  Corruptor x4  
  194  18:43  Spore Crawler x2  
  194  18:44  Spore Crawler, Drone x4  
  194  18:45  Drone x2, Extractor  
  194  18:46  Queen  
  198  18:50  Baneling x5  
  198  18:54  Corruptor  
  192  19:09  Corruptor x4  
  181  19:24  Corruptor x3  
  186  19:42  Drone  
  187  19:43  Extractor  
Tags
 
Add a new tag
Caveats
  • Supply blocks, unpowered buildings, or Contaminate may cause inaccurate times.
  • Supply counts are checked every 10 seconds.